 Dungeon Crawl Stone Soup version 0.31-a0-1363-g282adc679d (webtiles) character file.

Game seed: 4617981913740373851

2 James the Grasshopper (level 1, 0/13 HPs)
             Began as a Gnoll Wanderer on Dec 23, 2023.
             Constricted to death by a ball python (1 damage)
             ... on level 1 of the Dungeon.
             The game lasted 00:01:02 (199 turns).

James the Grasshopper (Gnoll Wanderer)               Turns: 199, Time: 00:01:02

Health: 0/13       AC:  2    Str:  8    XL:     1   Next: 30%
Magic:  4/4        EV:  8    Int: 14    God:
Gold:   17         SH:  5    Dex: 11    Spells: 5/5 levels left

rFire   . . .        a - +0 dagger
rCold   . . .        d - +0 buckler
rNeg    . . .        c - +0 robe
rPois   .            (no helmet)
rElec   .            (no cloak)
rCorr   .            (no gloves)
SInv    .            (no boots)
Will    .....        (no amulet)
Stlth   +            (no ring)
HPRegen 0.22/turn    (no ring)
MPRegen 0.09/turn

%: no passive effects
@: constricted
A: fangs 1, strong nose, distributed training
a: no special abilities


You were on level 1 of the Dungeon.
You visited 1 branch of the dungeon, and saw 1 of its levels.

You collected 17 gold pieces.

Inventory:

Hand Weapons
 a - a +0 dagger (weapon)
Missiles
 e - 5 stones
Armour
 c - a +0 robe (worn)
 d - a +0 buckler (worn)
 g - a +0 ring mail
   (You found it on level 1 of the Dungeon)
 h - a +0 robe
   (You found it on level 1 of the Dungeon)
 j - a +0 ring mail
   (You found it on level 1 of the Dungeon)
Scrolls
 b - a scroll of fear
Potions
 f - a potion of haste {unknown}
 i - a potion of lignification {unknown}


   Skills:
 + Level 0.0 Fighting
 + Level 0.0 Short Blades
 + Level 0.0 Long Blades
 + Level 0.0 Axes
 + Level 0.0 Maces & Flails
 + Level 0.0 Polearms
 + Level 0.0 Staves
 + Level 0.0 Ranged Weapons
 + Level 0.0 Throwing
 + Level 2.3 Armour
 + Level 2.3 Dodging
 + Level 0.0 Stealth
 + Level 4.4 Shields
 + Level 0.0 Unarmed Combat
 + Level 2.6 Spellcasting
 + Level 0.0 Conjurations
 + Level 0.0 Hexes
 + Level 0.0 Summonings
 + Level 0.0 Necromancy
 + Level 7.0 Translocations
 + Level 0.0 Fire Magic
 + Level 0.0 Ice Magic
 + Level 0.0 Air Magic
 + Level 1.9 Earth Magic
 + Level 0.0 Alchemy
 + Level 0.1 Invocations
 + Level 0.0 Evocations
 + Level 0.0 Shapeshifting


You had 5 spell levels left.
You didn't know any spells.
Your spell library contained the following spells:

 Spells                   Type           Power      Damage    Failure   Level
 Apportation              Tloc           42%        N/A       1%          1
 Lesser Beckoning         Tloc           42%        N/A       2%          2
 Sandblast                Erth           14%        2d6       16%         1
 Passage of Golubria      Tloc           21%        N/A       19%         4
 Stone Arrow              Conj/Erth      8%         3d7       56%         3


Dungeon Overview and Level Annotations

Branches:
Dungeon (1/15)

Altars:


Innate Abilities, Weirdness & Mutations

You have very sharp teeth.
Your uncanny sense of smell can sniff out nearby items.
Your experience applies equally to all skills.


Message History

You barely miss the quokka.
The quokka bites you but does no damage.
You barely miss the quokka. The quokka closely misses you.
You hit the quokka but do no damage. The quokka misses you. x2
You hit the quokka but do no damage. You block the quokka's attack.
You barely miss the quokka. The quokka bites you.
You closely miss the quokka. The quokka bites you.
You barely miss the quokka. You block the quokka's attack. x2
You miss the quokka. The quokka closely misses you.
You hit the quokka.
You kill the quokka!
You see here a quokka corpse.
j - a +0 ring mail A ball python comes into view.
Found a stone staircase leading down.
A goblin comes into view. It is wielding a +0 dagger.
The goblin shouts!
A hobgoblin comes into view.
The hobgoblin shouts!
You hit the ball python but do no damage.
The ball python bites you. The ball python grabs you.
The ball python constricts you.
The ball python's grasp on you weakens, but your attempt to escape fails.
The ball python bites you. The ball python constricts you.
You escape the ball python's grasp.
The ball python attacks as it pursues you!
You block the ball python's attack. x2
The ball python attacks as it pursues you!
The ball python closely misses you. You block the ball python's attack.
You hit the ball python. The ball python bites you.
You block the ball python's attack. x2; The ball python grabs you.
The ball python constricts you.
You closely miss the ball python. You block the ball python's attack.
The ball python constricts you.
You barely miss the ball python. The ball python bites you.
* * * LOW HITPOINT WARNING * * *
The ball python constricts you.
* * * LOW HITPOINT WARNING * * *
You escape the ball python's grasp.
You barely miss the ball python. The ball python bites you.
* * * LOW HITPOINT WARNING * * *
You block the ball python's attack.
The ball python attacks as it pursues you!
The ball python bites you.
* * * LOW HITPOINT WARNING * * *
The ball python barely misses you.
You barely miss the ball python. The ball python barely misses you.
The ball python closely misses you. x2; The ball python grabs you.
The ball python constricts you.
You die...

#.#...# #.# ###.#####
######.# ## .......#
#......###...#
.##.##.####.####........
.....#.##.#.####.###...#
.##....#.......#.# ##
.##.#...#.#.##.#.#
.#.###.##.#..#†#.##
..###.#...#.....@.#
##.###.####.....#S#
..#.#...###.#...#g#
#.##.....#..#...#g#
#.##......#.##.##.#
#.##.....##.......#
#.##.....#####.####
#.##.....# #......#
..######## #.#.##.#


You could see a hobgoblin, a goblin and a ball python.

Vanquished Creatures
  A quokka (D:1)
  A rat (D:1)
2 creatures vanquished.

Notes
Turn   | Place    | Note
-------+----------+-------------------------------------------
     0 | D:1      | James the Gnoll Wanderer began the quest for the Orb.
     0 | D:1      | James set off with the following items: a +0 dagger, a
                  | scroll of fear, a +0 robe, a +0 buckler; and the following
                  | spells available to memorise: Apportation, Lesser
                  | Beckoning, Sandblast, Passage of Golubria, Stone Arrow.
     0 | D:1      | Reached XP level 1. HP: 13/13 MP: 4/4
     6 | D:1      | Noticed a swamp worm
     6 | D:1      | Noticed a redback
     6 | D:1      | Noticed a crocodile
     7 | D:1      | Noticed a polar bear
     7 | D:1      | Noticed a hog
   199 | D:1      | Constricted to death by a ball python

Illustrated notes

Levels and vault maps discovered:
D:1:      onia_arrival_zoo_common, layout_loops_cross, st_stairs_14,
          grunt_decor_arrowhead

Action                     || total
---------------------------++-------
  Melee: Dagger            ||    25
         Bite              ||     1
 Armour: Robe              ||    13
  Dodge: Dodged            ||    16
  Block: Buckler           ||    11

Table legend: (Time is in decaauts)
 A = Elapsed time spent in this place.
 B = Non-inter-level travel time spent in this place.
 C = Inter-level travel time spent in this place.
 D = Time resting spent in this place.
 E = Time spent auto-exploring this place.
 F = Levels seen in this place.
 G = Mean time per level.
                   A        B        C        D        E       F      G
               +--------+--------+--------+--------+--------+-----+--------+
         Total |    200 |    200 |      0 |      0 |    131 |   1 |  200.0 |
       Dungeon |    200 |    200 |      0 |      0 |    131 |   1 |  200.0 |
               +--------+--------+--------+--------+--------+-----+--------+

Top non-repeatable levels by time:
     D:1: 200 daAuts
